 Dungeon Crawl Stone Soup version 0.26.0-57-g60708a5e39 (webtiles) character file.

Game seed: 3665019198211922221

49 swilekon the Chopper (level 3, -4/26 HPs)
             Began as an Octopode Monk on Feb 1, 2021.
             Slain by a gnoll
             ... wielding a +0 spear
              (9 damage)
             ... on level 2 of the Dungeon.
             The game lasted 00:01:55 (777 turns).

swilekon the Chopper (Octopode Monk)                 Turns: 777, Time: 00:01:56

Health: -4/26      AC:  1    Str: 11    XL:     3   Next: 75%
Magic:  3/3        EV: 14    Int: 12    God:
Gold:   68         SH:  0    Dex: 14    Spells: 2/2 levels left

rFire    . . .     SeeInvis .   a - +0 hand axe
rCold    . . .     Faith    .   (no shield)
rNeg     . . .     Spirit   .   (helmet restricted)
rPois    .         Reflect  .   (no amulet)
rElec    .         Harm     .   (no ring)
rCorr    .         Rampage  .   (no ring)
Will     .....                  (no ring)
Stlth    +++.......             (no ring)
HPRegen  0.08/turn              (no ring)
MPRegen  0.08/turn              (no ring)
                                (no ring)
                                (no ring)

@: no status effects
A: almost no armour, stealthy swim, amphibious, 8 rings, constrict 8, camouflage
1, gelatinous body 1
a: no special abilities


You were on level 2 of the Dungeon.
You visited 1 branch of the dungeon, and saw 2 of its levels.

You collected 68 gold pieces.

Inventory:

Hand Weapons
 a - a +0 hand axe (weapon)
Scrolls
 b - 2 scrolls of remove curse {unknown}
 c - 2 scrolls of teleportation {unknown}
 e - a scroll of amnesia {unknown}
 f - a scroll of enchant weapon {unknown}
 h - a scroll of noise {unknown}
 j - a scroll of magic mapping {unknown}
Potions
 d - a potion of brilliance {unknown}
 g - a potion of lignification {unknown}
 i - a potion of curing {unknown}
 k - a potion of berserk rage {unknown}


   Skills:
 + Level 3.4 Fighting
 * Level 3.9 Axes
 + Level 3.4 Dodging
 - Level 2.6 Stealth


You had 2 spell levels left.
You didn't know any spells.
Your spell library was empty.

Dungeon Overview and Level Annotations

Branches:
Dungeon (2/15)

Altars:


Innate Abilities, Weirdness & Mutations

You cannot wear most types of armour.
You are very stealthy in the water. (Stealth+)
You are amphibious.
You can wear up to eight rings at the same time.
You can use your tentacles to constrict eight enemies at once.
Your skin changes colour to match your surroundings (Stealth+).
Your rubbery body absorbs attacks. (AC +1, EV +1)


Message History

You are too injured to fight recklessly!
You are too injured to fight recklessly!
You are too injured to fight recklessly!
You are too injured to fight recklessly!
You are too injured to fight recklessly!
You are too injured to fight recklessly!
You are too injured to fight recklessly!
You are too injured to fight recklessly!
You are too injured to fight recklessly!
You are too injured to fight recklessly!
You are too injured to fight recklessly!
You are too injured to fight recklessly!
You are too injured to fight recklessly!
You release your grip on the gnoll.
The gnoll hits you from afar with a +0 spear!
* * * LOW HITPOINT WARNING * * *
You see here a glowing hand axe.
There is a stone staircase leading down here.
The gnoll hits you from afar with a +0 spear!
You die...

....#####.##.# #..#
#..#####.##.###..#
###................#
#..........##......#
........##.##.######
...........##.#
.#..##.#####.# .
##..# #.# ##.# #@#
##.###.# #....g.#
##.....# #..####
#.g# #..# #..# ##..#


You could see 2 gnolls.

Vanquished Creatures
  Jessica (D:2)
  A dart slug (D:1)
  A giant cockroach (D:1)
  2 goblins (D:1)
  A hobgoblin (D:1)
  A quokka (D:2)
  6 bats
  2 frilled lizards (D:1)
  3 kobolds
  5 rats (D:1)
23 creatures vanquished.

Notes
Turn   | Place    | Note
-------+----------+-------------------------------------------
     0 | D:1      | swilekon the Octopode Monk began the quest for the Orb.
     0 | D:1      | Reached XP level 1. HP: 16/16 MP: 1/1
   204 | D:1      | Reached XP level 2. HP: 20/21 MP: 2/2
   647 | D:2      | Noticed Jessica
   655 | D:2      | Killed Jessica
   656 | D:2      | Reached XP level 3. HP: 23/26 MP: 3/3
   777 | D:2      | Slain by a gnoll

Illustrated notes

Levels and vault maps discovered:
D:1:      nzn_arrival_crosshair, layout_rooms
D:2:      layout_loops_ring, minitemple, dancing_weapons_uskayaw,
          vehumet_crystals, serial_glass, glass_columns_a, glass_columns_b,
          feat_on_display, feat_on_display, uniq_natasha, uniq_jessica,
          uniq_robin

Action                   || total
-------------------------++-------
Melee: Hand axe          ||    37
       Constrict         ||     9
       Tentacles         ||     4
 Stab: Sleeping          ||    12
Armor: Skin              ||     1
Dodge: Dodged            ||    17
